 Dungeon Crawl Stone Soup version 0.21.1-1-g345015f (webtiles) character file.

101 Falco the Caller (level 4, 0/24 HPs)
             Began as a Deep Elf Summoner on May 11, 2018.
             Killed from afar by an orc wizard (8 damage)
             ... with a puff of flame
             ... on level 3 of the Dungeon.
             The game lasted 00:18:47 (2604 turns).

Falco the Caller (Deep Elf Summoner)                Turns: 2604, Time: 00:18:48

Health: 0/24       AC:  6    Str:  5    XL:     4   Next: 48%
Magic:  2/13       EV: 13    Int: 21    God:    Xom [.*....]
Gold:   93         SH:  0    Dex: 17    Spells: 4/13 levels left

rFire    . . .     SeeInvis .   (no weapon)
rCold    . . .     Gourm    .   (no shield)
rNeg     . . .     Faith    .   n - +0 robe
rPois    .         Spirit   .   (helmet restricted)
rElec    .         Reflect  .   (no cloak)
rCorr    .         Harm     .   k - +1 pair of gloves
MR       .....                  (no boots)
Stlth    ++........             (no amulet)
HPRegen  0.08/turn              (no ring)
MPRegen  0.13/turn              (no ring)

@: no status effects
A: antennae 2, iridescent scales 1, agile 1
a: Renounce Religion


You were on level 3 of the Dungeon.
You worshipped Xom.
You were a plaything of Xom.
You were not hungry.

You visited 1 branch of the dungeon, and saw 3 of its levels.

You collected 93 gold pieces.

Inventory:

Missiles
 a - 44 poisoned needles
 p - 5 tomahawks (quivered)
Armour
 k - a +1 pair of gloves (worn)
 n - a +0 robe (worn)
Wands
 e - a wand of digging (16)
Scrolls
 d - 2 scrolls of remove curse {unknown}
 h - 2 scrolls of teleportation {unknown}
 i - 2 scrolls of identify
 j - a scroll of enchant armour {unknown}
 o - a scroll of random uselessness {unknown}
Potions
 f - a potion of heal wounds {unknown}
 g - a potion of brilliance {unknown}
 l - 2 potions of cancellation
 m - a potion of curing {unknown}
Books
 b - a book of Callings

   Spells                             Type                      Level
   a - Summon Small Mammal            Summoning                    1
   b - Call Imp                       Summoning                    2
   c - Call Canine Familiar           Summoning                    3
   d - Summon Guardian Golem          Hexes/Summoning              3
   e - Summon Lightning Spire         Summoning/Air                4
   f - Summon Ice Beast               Ice/Summoning                4
Comestibles
 c - a ration


   Skills:
 + Level 2.4 Dodging
 + Level 2.8 Stealth
 + Level 5.2 Spellcasting
 + Level 0.1 Hexes
 + Level 5.3 Summonings


You had 4 spell levels left.
You knew the following spells:

 Your Spells              Type           Power        Failure   Level  Hunger
a - Summon Small Mammal   Summ           ####         1%          1    None
b - Call Imp              Summ           ####....     1%          2    None
c - Call Canine Familiar  Summ           ####....     3%          3    ##.....
d - Summon Guardian Gole  Hex/Summ       ###.....     11%         3    ##.....


Dungeon Overview and Level Annotations

Branches:
Dungeon (3/15)

Altars:
Xom


Innate Abilities, Weirdness & Mutations

You have a pair of antennae on your head.
You are partially covered in iridescent scales. (AC +2)
You are agile. (Dex +2)


Message History

The orc wizard points at you and mumbles some strange words.
The puff of frost misses you. The jackal barely misses you.
The orc wizard hits you with a dagger.
The jackal bites you but does no damage.
The orc wizard hits you with a dagger. The jackal closely misses you.
The orc wizard hits you but does no damage.
The jackal barely misses you.
The orc wizard hits you but does no damage.
The jackal closely misses you. The orc wizard completely misses you.
The jackal bites you but does no damage.
The orc wizard hits you but does no damage.
The jackal barely misses you. The orc wizard casts a spell at you.
The puff of flame misses you.
The jackal bites you but does no damage.
The orc wizard casts a spell at you. The puff of flame hits you!
You die...
Xom roars with laughter!

#...........#
#######†#########.#
#...##...########.##
#.#{{..#...........#
#...##...########..#######
##.####>## #.........
#...)...# #.########
#.####..########.# #.
#......# #8h@........# #.
###.#### ##o########## #.
# #o# ## #o)...§o. #
######### #.# #.. #..
##############..
#...............


You could see an orc wizard, 2 orcs, a jackal and a friendly guardian golem
(inner flame).

Vanquished Creatures (collateral kills)
  An orc wizard (D:3)
  Terence (D:3)
  A worker ant (D:2)
  Ijyb (D:3)
  3 adders
  An ooze (D:2)
  A worm (D:2)
  5 orcs (D:3)
  A ball python (D:1)
  5 bats
  2 giant cockroaches (D:1)
  6 goblins (D:2)
  4 hobgoblins
  A quokka (D:3)
  7 kobolds
  8 rats
48 creatures vanquished.

Notes
Turn   | Place    | Note
-------+----------+-------------------------------------------
     0 | D:1      | Falco the Deep Elf Summoner began the quest for the Orb.
     0 | D:1      | Reached XP level 1. HP: 10/10 MP: 6/6
   157 | D:1      | Found a shimmering altar of Xom.
   165 | D:1      | Became a worshipper of Xom of Unknown Intention
   302 | D:1      | XOM: silly message
   323 | D:1      | XOM: harmless Tmut miscast
   395 | D:1      | XOM: scenery: 2 doors open
   453 | D:1      | XOM: give mutations
   453 | D:1      | Gained mutation: You are partially covered in iridescent scales. (AC +2) [Xom's grace]
   453 | D:1      | Gained mutation: You have a pair of small antennae on your head. [Xom's grace]
   453 | D:1      | Gained mutation: You have a pair of antennae on your head. [Xom's grace]
   514 | D:1      | Reached XP level 2. HP: 15/15 MP: 5/8
   518 | D:1      | Learned a level 2 spell: Call Imp
   602 | D:1      | XOM: scenery: create altars
   604 | D:1      | XOM: give mutation
   604 | D:1      | Gained mutation: You are agile. (Dex +2) [Xom's grace]
   907 | D:1      | XOM: god gift: club {god gift}
  1354 | D:2      | Reached skill level 5 in Summonings
  1732 | D:2      | XOM: god gift: robe {god gift}
  1818 | D:2      | Reached XP level 3. HP: 19/19 MP: 0/10
  1823 | D:2      | Learned a level 3 spell: Call Canine Familiar
  1827 | D:2      | Learned a level 3 spell: Summon Guardian Golem
  1879 | D:2      | XOM: divination: detect creatures
  2153 | D:3      | Noticed Terence
  2157 | D:3      | Noticed Ijyb
  2174 | D:3      | Killed Terence
  2181 | D:3      | Killed Ijyb
  2232 | D:3      | XOM: 2-stop teleportation journey
  2247 | D:3      | Reached XP level 4. HP: 24/24 MP: 2/12
  2395 | D:3      | XOM: scenery: create altars
  2445 | D:3      | Reached skill level 5 in Spellcasting
  2528 | D:3      | XOM: enchant monster (bad)
  2541 | D:3      | XOM is BORED!
  2541 | D:3      | XOM: stat loss: -1 Dex (16/17)
  2595 | D:3      | XOM: mild Hex miscast
  2604 | D:3      | Killed from afar by an orc wizard

Skill      XL: |  1  2  3  4 |
---------------+-------------+-----
Summonings     | 5 |  5.3
Spellcasting   | 4 5 |  5.2
Dodging        | |  2.4
Stealth        | |  2.8
Hexes          | |  0.1

Action                   |  1- 3 |  4- 6 || total
-------------------------+-------+-------++-------
 Cast: Summon Small Mamm |    60 |     3 ||    63
       Call Imp          |    11 |     2 ||    13
       Call Canine Famil |     3 |     3 ||     6
       Summon Guardian G |     2 |     5 ||     7
  Use: Scroll            |     3 |       ||     3
  Eat: Ration            |     2 |       ||     2
Armor: Robe              |     2 |     9 ||    11
Dodge: Dodged            |     6 |    19 ||    25
